 Dungeon Crawl Stone Soup version 0.31-a0-851-g7ff8af7976 (webtiles) character file.

Game seed: 4051994897932531061

36 Pixllover the Chopper (level 3, 33/33 HPs)
             Began as a Hill Orc Monk on Oct 6, 2023.
             Was a Believer of Qazlal.
             Got out of the dungeon alive.
             The game lasted 00:03:28 (1237 turns).

Pixllover the Chopper (Hill Orc Monk)               Turns: 1237, Time: 00:03:28

Health: 33/33      AC: 13    Str: 15    XL:     3   Next: 37%
Magic:  3/3        EV:  7    Int: 10    God:    Qazlal [**....]
Gold:   50         SH:  3    Dex: 13    Spells: 2/2 levels left

rFire   . . .        a - +0 hand axe
rCold   . . .        d - orb {light}
rNeg    . . .        q - +0 chain mail
rPois   .            (no helmet)
rElec   .            (no cloak)
rCorr   .            (no gloves)
SInv    .            o - +0 pair of boots
Will    .....        (no amulet) Stlth
                     j - +4 ring of protection
HPRegen 0.25/turn    (no ring)
MPRegen 0.08/turn

%: no passive effects
@: glowing
A: no striking features
a: Renounce Religion, Upheaval


You escaped.
You worshipped Qazlal.
Qazlal was pleased with you.
You visited 1 branch of the dungeon, and saw 2 of its levels.

You collected 64 gold pieces.
You spent 14 gold pieces at shops.

Inventory:

Hand Weapons
 a - a +0 hand axe (weapon)
Armour
 d - an orb of light (worn)
 o - a +0 pair of boots (worn)
 q - a +0 chain mail (worn)
Jewellery
 j - a +4 ring of protection (left hand)
 s - an amulet of guardian spirit
Scrolls
 b - a scroll of amnesia {unknown}
 i - a scroll of noise {unknown}
 k - a scroll of poison {unknown}
 l - 2 scrolls of identify {unknown}
 m - a scroll of teleportation {unknown}
 p - a scroll of enchant weapon {unknown}
 r - a scroll of blinking {unknown}
 t - a scroll of acquirement {unknown}
Potions
 c - a potion of ambrosia
 e - a potion of invisibility {unknown}
 f - 2 potions of curing {unknown}
 g - a potion of haste {unknown}
 h - a potion of might {unknown}
 n - 3 potions of brilliance {unknown}


   Skills:
 + Level 4.2 Fighting
 + Level 4.7 Axes
 + Level 0.2 Armour
 + Level 2.8 Dodging


You had 2 spell levels left.
You didn't know any spells.
Your spell library contained the following spells:

 Spells                   Type           Power      Damage    Failure   Level
 Freeze                   Ice            0%         1d3       99%         1
 Frozen Ramparts          Ice            0%         1d1       100%        3
 Hailstorm                Conj/Ice       0%         3d3       100%        3


Dungeon Overview and Level Annotations

Branches:
Dungeon (2/15)

Altars:
Qazlal

Shops:
D:1 !


Message History

The plant is lightly damaged.
You hit the plant. x3
You hit the plant.
The plant is lightly damaged.
You hit the plant. x2; You completely miss the plant.
A nearby plant withers and dies. x2
A nearby plant withers and dies. x2
You hit the plant.
The plant begins to die.
The plant is lightly damaged.
You hit the plant.
The plant begins to die.
You hit the plant.
The plant begins to die.
You hit the plant.
The plant begins to die.
You hit the plant.
The plant is lightly damaged.
You hit the plant. x3
You slash the plant!
The plant is lightly damaged.
You hit the plant. x2; You completely miss the plant.
A nearby plant withers and dies.
You slash the plant!
The plant is lightly damaged.
You hit the plant. x2; A nearby plant withers and dies. x3
You hit the plant.
The plant begins to die.
The plant is lightly damaged.
You hit the plant.
The plant begins to die.
You hit the plant.
The plant begins to die.
You hit the plant.
The plant begins to die.
You hit the plant.
The plant is lightly damaged.
You hit the plant.
The plant begins to die.
You hit the plant. x2
The plant begins to die.
You hit the plant.
A nearby plant withers and dies. x3
You hit the plant.
The plant is lightly damaged.
You hit the plant but do no damage. You hit the plant.
The plant begins to die.
You hit the plant.
The plant begins to die.
A nearby plant withers and dies. x2
A nearby plant withers and dies.
A nearby plant withers and dies. x2
There is a staircase leading out of the dungeon here.
Unknown command.
You can't go down here!
You have escaped!

.......#.#####.PPPPPPPPPPPPPPP..#
.......#....##.PPPPPPPP..PPPPP...
......#####.##.PPPPP........PP...
.....## #..#.PPP..PPP.P...PP..#
###### ##.#.PP.PPP...P....P#.#
#..^PP.PP.PPP.P......# #
###.P....PP.PP........ #
##.P....P.P.PP.....#. #
#..P@○°..PPP.P.P...#. #
####..P......P.PP.P.P.#. #
#>....P.......PP.PP.P.#. #
###.###.PP......P.PP.P..#.
########...###.PP.P.....P.P.PP.#.
...............PPP.........PPP...
#####...######.PPPPP.....P.PPP...
## #(###


#.PPPPPP...PPPPPP..# .## #.# #.PPPPPP...PPPPPP.## There were no monsters in
sight!

Vanquished Creatures
  3 dart slugs
  A ball python (D:2)
  2 bats (D:1)
  2 endoplasms (D:2)
  3 giant cockroaches
  3 goblins (D:1)
  4 hobgoblins
  A quokka (D:2)
  2 frilled lizards (D:2)
  2 kobolds (D:1)
  4 rats
27 creatures vanquished.

Notes
Turn   | Place    | Note
-------+----------+-------------------------------------------
     0 | D:1      | Pixllover the Hill Orc Monk began the quest for the Orb.
     0 | D:1      | Reached XP level 1. HP: 19/19 MP: 1/1
   146 | D:1      | Reached XP level 2. HP: 26/27 MP: 2/2
   363 | D:1      | Found Afomiff's Distillery.
   369 | D:1      | Bought a potion of degeneration for 14 gold pieces
   464 | D:2      | Found a stormy altar of Qazlal.
   475 | D:2      | Reached XP level 3. HP: 23/33 MP: 3/3
   860 | D:2      | Identified the +9 sling of the Onslaught {drain, SInv}
   891 | D:2      | Found a faded altar of an unknown god.
   901 | D:2      | Prayed at the altar of an unknown god.
   901 | D:2      | Became a worshipper of Qazlal Stormbringer
   901 | D:2      | Reached * piety under Qazlal
   901 | D:2      | Reached ** piety under Qazlal
  1237 | D:$      | Got out of the dungeon alive.

Illustrated notes

Levels and vault maps discovered:
D:1:      roderic_crop_circles_arrival_small, layout_rooms, serial_shops,
          nicolae_shop_back_alley_shop
D:2:      layout_basic, ebering_ecumenical_altar_mist, basic_altar

Skill      XL: |  1  2 |
---------------+-------+-----
Fighting       | 4 |  4.2
Axes           | |  4.7
Armour         | |  0.2
Dodging        | |  2.8

Action                     || total
---------------------------++-------
  Melee: Hand axe          ||    92
 Armour: Robe              ||    18
         Scale mail        ||    11
         Chain mail        ||    12
  Dodge: Dodged            ||    27

Table legend: (Time is in decaauts)
 A = Elapsed time spent in this place.
 B = Non-inter-level travel time spent in this place.
 C = Inter-level travel time spent in this place.
 D = Time resting spent in this place.
 E = Time spent auto-exploring this place.
 F = Levels seen in this place.
 G = Mean time per level.
                   A        B        C        D        E       F      G
               +--------+--------+--------+--------+--------+-----+--------+
         Total |   1244 |   1217 |     27 |      0 |    740 |   2 |  622.0 |
       Dungeon |   1244 |   1217 |     27 |      0 |    740 |   2 |  622.0 |
               +--------+--------+--------+--------+--------+-----+--------+

Top non-repeatable levels by time:
     D:2: 741 daAuts
     D:1: 502 daAuts
